 Dungeon Crawl Stone Soup version 0.27.1 (webtiles) character file.

Game seed: 9001720777965612735

79 Papr the Poker (level 4, 35/35 HPs)
             Began as a Demonspawn Abyssal Knight on Aug 29, 2021.
             Was a Follower of Lugonu.
             Quit the game on level 2 of the Dungeon.
             The game lasted 00:02:52 (2625 turns).

Papr the Poker (Demonspawn Abyssal Knight)          Turns: 2625, Time: 00:02:53

Health: 35/35      AC:  3    Str: 13    XL:     4   Next: 16%
Magic:  5/5        EV: 11    Int: 14    God:    Lugonu [*.....]
Gold:   125        SH:  0    Dex: 12    Spells: 3/3 levels left

rFire    . . .     SeeInvis .   a - +1 spear
rCold    . . .     Faith    .   (no shield)
rNeg     . . .     Spirit   .   b - +0 leather armour
rPois    .         Reflect  .   (helmet restricted)
rElec    .         Harm     .   (no cloak)
rCorr    .         Rampage  .   (no gloves)
Will     +....                  (no boots)
Stlth    +.........             (no amulet)
HPRegen  0.11/turn              j - ring of willpower
MPRegen  0.09/turn              (no ring)

@: no status effects
A: antennae 1, talons 1
a: Renounce Religion, Depart the Abyss


You were on level 2 of the Dungeon.
You worshipped Lugonu.
Lugonu was aware of your devotion.
You visited 1 branch of the dungeon, and saw 2 of its levels.
You visited the Abyss 1 time.

You collected 125 gold pieces.

Inventory:

Hand Weapons
 a - a +1 spear (weapon)
Armour
 b - a +0 leather armour (worn)
 d - a +1 helmet
Jewellery
 j - a ring of willpower (left hand)
Scrolls
 c - 3 scrolls of teleportation {unknown}
 e - 2 scrolls of identify {unknown}
 f - a scroll of blinking {unknown}
 g - a scroll of enchant armour {unknown}
 k - a scroll of holy word {unknown}
 n - a scroll of fear {unknown}
 o - a scroll of amnesia {unknown}
Potions
 h - a potion of haste {unknown}
 i - a potion of lignification {unknown}
 l - 2 potions of resistance {unknown}
 m - a potion of might {unknown}
 p - a potion of curing {unknown}


   Skills:
 - Level 3.0 Fighting
 + Level 4.1 Polearms
 - Level 1.7 Armour
 - Level 0.8 Dodging
 - Level 2.4 Invocations


You had 3 spell levels left.
You didn't know any spells.
Your spell library was empty.

Dungeon Overview and Level Annotations

Branches:
Dungeon (2/15)

Altars:


Innate Abilities, Weirdness & Mutations

You have a pair of small antennae on your head.
You have sharp toenails.


Message History

The hobgoblin is almost dead.
The hobgoblin closely misses you.
You barely miss the hobgoblin. Your kick misses the hobgoblin.
The hobgoblin is almost dead.
The hobgoblin hits you but does no damage.
You hit the hobgoblin.
You kill the hobgoblin!
Lugonu accepts your kill.
Your Polearms skill increases to level 4!
Unknown command.
Save game and exit?
Welcome back, Papr the Demonspawn Abyssal Knight.
Lugonu says: Spread carnage and corruption!
Press ? for a list of commands and other information.
HP restored.
An adder comes into view.
Found a stone staircase leading up.
The adder hisses angrily.
An adder is nearby!
You reach to attack!
You hit the adder.
The adder is moderately wounded.
You hit the adder. You claw the adder.
You kill the adder!
Lugonu accepts your kill.
There is a stone staircase leading up here.
Found a scroll labelled SIT FIOC JAKK.
Found a white potion.
o - a scroll labelled SIT FIOC JAKK
p - a white potion
Found an escape hatch in the floor.
There is an escape hatch in the ceiling here.
You open the door.
There is an open door here.
There is an open door here.
There is an escape hatch in the ceiling here.
Found 3 gold pieces.
You now have 125 gold pieces (gained 3).
You sense a monster nearby.
An endoplasm comes into view.
Are you sure you want to abandon this character and quit the game? (Confirm with "yes".)

#.#####.##
.J#######.##....#
#.#.............#
#.#.###..†......# ###.#.
#.........## #
#............#......
#.###.#.#.#####..#######
.........#{ #..# #
#.##...@# #..# #
#.......# ...# #
##.#...## #...# #
#.###.# # #.###.##..# #
#.........#### ####
#####........+ +...
#.#...#### #### #.##.##
##


You could see an endoplasm (asleep).

Vanquished Creatures
  2 adders (D:2)
  3 worms (D:2)
  3 dart slugs (D:1)
  3 orcs (D:2)
  2 ball pythons (D:1)
  4 endoplasms
  7 goblins
  4 hobgoblins
  2 jackals (D:1)
  2 kobolds
  A quokka (D:2)
  4 bats
  3 frilled lizards
  A rat (D:1)
41 creatures vanquished.

Notes
Turn   | Place    | Note
-------+----------+-------------------------------------------
     0 | Abyss:1  | Papr the Demonspawn Abyssal Knight began the quest for the
                  | Orb.
     0 | Abyss:1  | Reached XP level 1. HP: 18/18 MP: 2/2
   229 | Abyss:1  | Noticed a thrashing horror
   230 | D:1      | Escaped the Abyss
   305 | D:1      | Reached skill level 2 in Polearms
   483 | D:1      | Gained mutation: You have a pair of small antennae on your
                  | head. [demonic ancestry]
   483 | D:1      | Reached XP level 2. HP: 14/24 MP: 3/3
   740 | D:1      | Reached * piety under Lugonu
   977 | D:1      | Reached skill level 3 in Polearms
  1270 | D:1      | Reached XP level 3. HP: 29/29 MP: 4/4
  2437 | D:2      | Gained mutation: You have sharp toenails. [demonic
                  | ancestry]
  2437 | D:2      | Reached XP level 4. HP: 35/35 MP: 5/5
  2443 | D:2      | Reached skill level 4 in Polearms
  2625 | D:2      | Quit the game

Illustrated notes

Levels and vault maps discovered:
D:1:      lemuel_arrival_hallway, layout_basic
D:2:      layout_loops_corners, guppyfry_early_orc_mine

Skill      XL: |  1  2  3  4 |
---------------+-------------+-----
Polearms       | 2 3 4 |  4.1
Fighting       | |  3.0
Armour         | |  1.7
Dodging        | |  0.8
Invocations    | |  2.4

Action                   |  1- 3 |  4- 6 || total
-------------------------+-------+-------++-------
Melee: Spear             |   140 |     8 ||   148
       Kick              |       |     3 ||     3
Invok: Depart the Abyss  |     1 |       ||     1
Armor: Leather armour    |    18 |     1 ||    19
Dodge: Dodged            |    65 |     2 ||    67
